 Dungeon Crawl Stone Soup version 0.30-a0-870-gc5d4c5acee (webtiles) character file.

Game seed: 6579959565917229112

69 CowFu the Cutter (level 4, -1/52 HPs)
             Began as a Demonspawn Fighter on Mar 12, 2023.
             Was an Initiate of Makhleb.
             Slain by a gnoll bouda
             ... wielding a +0 whip
              (6 damage)
             ... on level 2 of the Dungeon.
             The game lasted 00:01:42 (1451 turns).

CowFu the Cutter (Demonspawn Fighter)               Turns: 1451, Time: 00:01:42

Health: -1/52      AC: 22    Str: 19    XL:     4   Next: 2%
Magic:  4/4        EV:  2    Int: 15    God:    Makhleb [......]
Gold:   140        SH:  4    Dex: 12    Spells: 3/3 levels left

rFire   + . .      SeeInvis .    a - +0 rapier
rCold   . . .      Faith    .    c - +0 buckler
rNeg    . . .      Spirit   .    n - melded +0 plate armour
rPois   +          Reflect  .    (helmet currently unavailable)
rElec   .          Rampage  .    (cloak currently unavailable)
rCorr   .          NoTele   +    (gloves currently unavailable)
Will    .....                    (boots currently unavailable)
Stlth   +                        j - amulet of magic regeneration
HPRegen 0.28/turn                e - +6 ring of intelligence
MPRegen 0.49/turn                l - ring of protection from fire

@: tree-form
A: stationary, stasis, torment immunity, boosted hp, powered by death 1
a: Renounce Religion


You were on level 2 of the Dungeon.
You worshipped Makhleb.
Makhleb was noncommittal.
You were a tree.
You visited 1 branch of the dungeon, and saw 3 of its levels.

You collected 140 gold pieces.

Inventory:

Hand Weapons
 a - a +0 rapier (weapon)
Armour
 c - a +0 buckler (worn)
 n - a +0 plate armour (melded)
Jewellery
 e - a +6 ring of intelligence (left branch)
 j - an amulet of magic regeneration (around neck)
 l - a ring of protection from fire (right branch)
Scrolls
 d - 4 scrolls of enchant armour {unknown}
 f - a scroll of teleportation {unknown}
 g - 3 scrolls of vulnerability {unknown}
 i - a scroll of identify {unknown}
 k - 2 scrolls of immolation {unknown}


   Skills:
 - Level 3.0 Fighting
 + Level 4.0 Short Blades
 - Level 2.6 Armour
 - Level 2.6 Shields


You had 3 spell levels left.
You didn't know any spells.
Your spell library contained the following spells:

 Spells                   Type           Power      Damage    Failure   Level
 Ozocubu's Armour         Ice            0%         N/A       71%         3
 Ozocubu's Refrigeration  Ice            0%         4d7       100%        7


Dungeon Overview and Level Annotations

Branches:
Dungeon (3/15)

Altars:
Makhleb


Innate Abilities, Weirdness & Mutations

You are a tree.
Your roots penetrate the ground, keeping you stationary.
You cannot be teleported.
You are immune to unholy pain and torment.
Your maximum health is greatly increased.
Your equipment is partially melded.
You regenerate a little health from kills.


Message History

* * * LOW HITPOINT WARNING * * *
You hit the gnoll bouda but do no damage.
Your attacks no longer feel as feeble.
The gnoll bouda hits you with a +0 whip.
* * * LOW HITPOINT WARNING * * *
It was a potion of curing.
You feel better. The gnoll bouda closely misses you.
You closely miss the gnoll bouda.
The gnoll bouda hits you with a +0 whip.
* * * LOW HITPOINT WARNING * * *
You feel better.
The gnoll bouda hits you with a +0 whip.
You hit the gnoll bouda.
The gnoll bouda is lightly wounded.
The gnoll bouda hits you but does no damage.
You closely miss the gnoll bouda. You block the gnoll bouda's attack.
You hit the gnoll bouda but do no damage.
The gnoll bouda hits you but does no damage.
You hit the gnoll bouda.
The gnoll bouda is lightly wounded.
The gnoll bouda hits you with a +0 whip.
* * * LOW HITPOINT WARNING * * *
You hit the gnoll bouda but do no damage.
The gnoll bouda is lightly wounded.
The gnoll bouda barely misses you.
You hit the gnoll bouda but do no damage.
The gnoll bouda is lightly wounded.
The gnoll bouda hits you with a +0 whip.
* * * LOW HITPOINT WARNING * * *
Okay, then.
It was a potion of lignification.
You turn into a tree.
Your +0 plate armour melds into your body.
Your roots penetrate the ground.
The gnoll bouda barely misses you.
You barely miss the gnoll bouda.
The gnoll bouda is lightly wounded.
The gnoll bouda hits you with a +0 whip.
* * * LOW HITPOINT WARNING * * *
You hit the gnoll bouda but do no damage.
The gnoll bouda is lightly wounded.
The gnoll bouda hits you with a +0 whip.
You die...

## .# .# .# .# ###
.##########.######
........##..#....#
.....).........g.#
...............†♣#
.............#####
.............#
.............#
#............#######
###...##...........##
#...####............##
.)######.............#
.## #....##..........#


You could see a gnoll bouda.

Vanquished Creatures
  2 gnolls
  An adder (D:2)
  2 worms (D:2)
  A ball python (D:1)
  3 endoplasms (D:1)
  3 goblins
  6 hobgoblins
  7 kobolds
  3 quokkas
  A bat (D:1)
  2 frilled lizards
  3 rats
34 creatures vanquished.

Notes
Turn   | Place    | Note
-------+----------+-------------------------------------------
     0 | D:1      | CowFu the Demonspawn Fighter began the quest for the Orb.
     0 | D:1      | Reached XP level 1. HP: 18/18 MP: 1/1
   171 | D:1      | Reached skill level 2 in Short Blades
   177 | D:1      | Gained mutation: You regenerate a little health from kills.
                  | [demonic ancestry]
   177 | D:1      | Reached XP level 2. HP: 20/24 MP: 2/2
   257 | D:1      | Reached skill level 3 in Short Blades
   700 | D:1      | Reached XP level 3. HP: 27/29 MP: 3/3
   908 | D:2      | Found a burning altar of Makhleb.
   919 | D:2      | Became a worshipper of Makhleb the Destroyer
  1432 | D:3      | Reached XP level 4. HP: 30/35 MP: 4/4
  1435 | D:2      | Reached skill level 4 in Short Blades
  1451 | D:2      | Slain by a gnoll bouda

Illustrated notes

Levels and vault maps discovered:
D:1:      minmay_arrival_four_loops, layout_loops_corners
D:2:      layout_rooms, basic_altar
D:3:      layout_loops_cross, serial_shops, shop, uniq_crazy_yiuf_cottage,
          uniq_pargi, uniq_robin, uniq_jessica

Skill      XL: |  1  2  3  4 |
---------------+-------------+-----
Short Blades   | 2 3 4 |  4.0
Fighting       | |  3.0
Armour         | |  2.6
Shields        | |  2.6

Action                     |  1- 3 |  4- 6 || total
---------------------------+-------+-------++-------
  Melee: Rapier            |   117 |    15 ||   132
    Use: Potion            |     1 |     3 ||     4
 Armour: Scale mail        |    42 |       ||    42
         Plate armour      |     7 |     8 ||    15
  Dodge: Dodged            |    41 |     3 ||    44
  Block: Buckler           |    20 |     1 ||    21

Table legend: (Time is in decaauts)
 A = Elapsed time spent in this place.
 B = Non-inter-level travel time spent in this place.
 C = Inter-level travel time spent in this place.
 D = Time resting spent in this place.
 E = Time spent auto-exploring this place.
 F = Levels seen in this place.
 G = Mean time per level.
                   A        B        C        D        E       F      G
               +--------+--------+--------+--------+--------+-----+--------+
         Total |   1461 |   1432 |     29 |      0 |   1135 |   3 |  487.0 |
       Dungeon |   1461 |   1432 |     29 |      0 |   1135 |   3 |  487.0 |
               +--------+--------+--------+--------+--------+-----+--------+

Top non-repeatable levels by time:
     D:1: 912 daAuts
     D:2: 542 daAuts
     D:3: 6 daAuts
